 Dungeon Crawl Stone Soup version 0.13.0-18-g7b03ea5 (webtiles) character file.

136 Narretz the Shield-Bearer (level 4, -2/28 HPs)
             Began as a Gargoyle Fighter on Oct 22, 2013.
             Killed by divine providence
             ... invoked by an orc priest
              (11 damage)
             ... on Level 3 of the Dungeon.
             The game lasted 00:04:34 (1152 turns).

Narretz the Shield-Bearer (Gargoyle Fighter)        Turns: 1152, Time: 00:04:36

HP  -2/28        AC 19     Str 21      XL: 4   Next: 39%
MP   3/3         EV  5     Int 11      God:
Gold 56          SH 19     Dex  9      Spells:  0 memorised,  3 levels left

Res.Fire  : . . .   See Invis. : .   h - +0,+1 dwarf mace
Res.Cold  : . . .   Warding    : .   i - +0 orc chain mail
Life Prot.: + . .   Conserve   : .   c - +0 shield
Res.Poison: +       Res.Corr.  : +   o - +2 crested helmet {Int+3}
Res.Elec. : +       Clarity    : .   (no cloak)
Sust.Abil.: . .     Spirit.Shd : .   e - +2 pair of elf gloves
Res.Mut.  : .       Stasis     : .   (no boots)
Res.Rott. : +       Flight     : .   j - amulet of resist corrosion {unknown}
Saprovore : . . .                    (no ring)
                                     (no ring)

@: slightly resistant to hostile enchantments, extremely unstealthy
A: fangs 1, talons 2, life protection 1, electricity resistance, slow metabolism
1, unbreathing, petrification resistance, AC +3
a: no special abilities


You were on level 3 of the Dungeon.
You were not hungry.

You visited 1 branch of the dungeon, and saw 3 of its levels.

You collected 36 gold pieces.

Inventory:

Hand weapons
 h - a +0,+1 dwarven mace (weapon)
Missiles
 r - a throwing net (quivered)
Armour
 b - a +0 scale mail
 c - a +0 shield (worn)
 e - a +2 pair of elven gloves (worn)
 i - a +0 orcish chain mail (worn)
 o - a +2 crested helmet of intelligence (worn)
Comestibles
 d - a bread ration
 f - 3 meat rations
 g - 2 pears
 s - a chunk of adder flesh
Scrolls
 a - a scroll of magic mapping
 m - a scroll of teleportation {unknown}
 p - a scroll of identify {unknown}
Jewellery
 j - an amulet of resist corrosion (around neck) {unknown}
Potions
 k - a potion of curing {unknown}
 l - a potion of heal wounds {unknown}
 n - a potion of confusion {unknown}
 q - a potion of brilliance {unknown}


   Skills:
 + Level 3.8 Fighting
 + Level 2.9 Maces & Flails
 + Level 3.7 Armour
 + Level 1.1 Dodging
 + Level 3.9 Shields


You had 3 spell levels left.
You didn't know any spells.

Dungeon Overview and Level Annotations

Branches:
Dungeon (3/27)

Altars:

Annotations:
D:2 Sigmund


Innate Abilities, Weirdness & Mutations

You are resistant to torment.
You are immune to poison.
Your stone body is very resilient (AC +3).
You have very sharp teeth.
You have razor-sharp toenails.
You resist negative energy.
You are resistant to electric shocks.
You have a slow metabolism.
You can survive without breathing.
You are immune to petrification.


Message History

The orc priest is heavily wounded.
You block the orc's attack. The ooze hits you but does no damage.
The orc hits you but does no damage.
The orc priest utters an invocation to Beogh.
You feel troubled. You block the orc's attack.
You hit the orc priest but do no damage.
The orc priest is heavily wounded.
The orc priest closely misses you. The orc hits you but does no damage.
The orc hits you with a glowing orcish flail.
The orc hits you. The ooze hits you but does no damage.
The orc barely misses you.
Drink which item? (? for menu, Esc to quit)
Okay, then.
You thump the orc priest!
The orc priest is almost dead.
The orc hits you but does no damage. You block the orc priest's attack.
You block the orc's attack. The ooze hits you. The orc barely misses you.
The orc priest invokes the aid of Beogh against you.
Something smites you!
You die...

***,**,,,,,,,,,...,,,,,,,,, *
,,,,** ,,,,,.........,,,,,,,*
,,,,**,,,,,...........,,,,,,*
,,,,**,,,,.............,,,,,*
*,***,,,,...............,,,**
*,**,,, ................,,,*
*,**,*,,................,,,*
*,,,,,,,..........(......,,*
,,,,,,,........o@o.......,,*
******,........ooJ.......,,*
#####*,........[.........,,*
...>.#,..........!........,*
...........................*
.....#.....................#
.......,...................#
.)...#,....................#
..####,....................##


You could see an ooze, an orc priest and 3 orcs.

Vanquished Creatures
  Jessica (D:3)
  An adder (D:3)
  2 worms (D:2)
  2 giant geckos (D:1)
  3 oozes
  An orc (D:3)
  A ball python (D:1)
  2 bats (D:1)
  A giant cockroach (D:2)
  5 hobgoblins
  6 kobolds
  2 giant newts
  4 goblins
  6 rats
37 creatures vanquished.

Notes
Turn   | Place    | Note
--------------------------------------------------------------
     0 | D:1      | Narretz, the Gargoyle Fighter, began the quest for the Orb.
     0 | D:1      | Reached XP level 1. HP: 14/14 MP: 0/0
   116 | D:1      | Reached XP level 2. HP: 19/19 MP: 1/1
   621 | D:2      | Reached XP level 3. HP: 21/24 MP: 2/2
   843 | D:2      | Noticed Sigmund
  1114 | D:3      | Reached skill level 1 in Dodging
  1121 | D:3      | Reached XP level 4. HP: 28/28 MP: 3/3
  1138 | D:3      | Noticed Jessica
  1142 | D:3      | Killed Jessica
  1152 | D:3      | Killed from afar by an orc priest

Action                   |  1- 3 |  4- 6 || total
-------------------------+-------+-------++-------
Melee: Mace              |   101 |     9 ||   110
  Use: Scroll            |     1 |       ||     1
